 Dungeon Crawl Stone Soup version 0.17.1-1-g73c8601 (webtiles) character file.

2741 pedritolo the Geomancer (level 9, -12/68 HPs)
             Began as a Deep Dwarf Earth Elementalist on Dec 15, 2015.
             Was a Believer of Makhleb.
             Mangled by a manticore (19 damage)
             ... on level 7 of the Dungeon.
             The game lasted 00:53:39 (9744 turns).

pedritolo the Geomancer (DDEE)                      Turns: 9744, Time: 00:53:39

Health: -12/68     AC:  5    Str: 12    XL:     9   Next: 40%
Magic:  2/18       EV: 12    Int: 19    God:    Makhleb [**....]
Gold:   249        SH:  0    Dex: 15    Spells: 3 memorised, 11 levels left

rFire  . . .     SeeInvis +     v - +2 dagger (elec)
rCold  + . .     Clarity  .     o - +0 troll leather armour {Purgy}
rNeg   . . .     SustAt   .     (no shield)
rPois  .         Gourm    .     (helmet restricted)
rElec  .         Spirit   .     (no cloak)
rCorr  .         Warding  .     (no gloves)
rMut   .         Stasis   .     l - +0 pair of boots
MR     +....                    (no amulet)
Stlth  ++........               (no ring)
                                q - ring of see invisible

@: manticore barbs, non-regenerating, somewhat resistant to hostile
enchantments, unstealthy
A: damage resistance, recharge devices, horns 1, clever 1, cold resistance 1,
sense surroundings 2, slow regeneration 3
a: Device Recharging, Minor Destruction, Renounce Religion


You were on level 7 of the Dungeon.
You worshipped Makhleb.
Makhleb was pleased with you.
You were near starving.

You visited 2 branches of the dungeon, and saw 8 of its levels.
You also visited: Sewer.

You collected 304 gold pieces.
You spent 55 gold pieces at shops.

Inventory:

Hand Weapons
 k - a +0 hand axe
 v - a +2 dagger of electrocution (weapon)
 F - a +0 war axe
Missiles
 b - 244 stones (quivered)
Armour
 a - a +0 robe
 l - a +0 pair of boots (worn)
 o - a +0 troll leather armour (worn) {Purgy}
 u - a +0 shield
 D - a +0 helmet
Jewellery
 q - a ring of see invisible (left hand)
 E - an uncursed ring of fire
 P - an uncursed ring of magical power {unknown}
Wands
 d - a wand of heal wounds (0)
 s - a wand of frost (19)
 K - a wand of fireball (5)
Scrolls
 f - 7 scrolls of fog
 n - a scroll of enchant weapon
 r - 3 scrolls of enchant armour
 w - 4 scrolls of remove curse
 y - 2 scrolls of fear
 z - 5 scrolls of teleportation {unknown}
 B - a scroll of brand weapon {unknown}
 C - 6 scrolls of identify
 G - a scroll of random uselessness {unknown}
 H - a scroll of amnesia {unknown}
 L - 6 scrolls of immolation {unknown}
Potions
 g - a potion of heal wounds
 i - a potion of lignification {unknown}
 j - a potion of magic {unknown}
 p - a potion of cure mutation {unknown}
 t - a potion of resistance {unknown}
 x - 3 potions of agility {unknown}
 A - 2 potions of degeneration {unknown}
 M - a potion of poison {unknown}
 N - a potion of invisibility {unknown}
 O - 4 potions of flight {unknown}
 R - a potion of cancellation {unknown}
Books
 c - a book of Geomancy

   Spells                             Type                      Level
   a - Sandblast                      Earth                        1
   b - Stoneskin                      Transmutation/Earth          2
   c - Passwall                       Transmutation/Earth          3
   d - Stone Arrow                    Conjuration/Earth            3
   e - Petrify                        Transmutation/Earth          4
   f - Lee's Rapid Deconstruction     Earth                        5
Miscellaneous
 h - a plain deck of war
Comestibles
 e - 6 bread rations
 m - a meat ration
 I - 4 fruits
 J - 5 beef jerkies
 Q - 8 slices of pizza


   Skills:
 - Level 0.1 Short Blades
 - Level 2.1 Dodging
 - Level 2.4 Stealth
 - Level 6.0 Spellcasting
 - Level 4.0 Conjurations
   Level 0.8 Transmutations
 + Level 13.0 Earth Magic


You had 11 spell levels left.
You knew the following spells:

 Your Spells              Type           Power        Failure   Level  Hunger
a - Sandblast             Erth           ######       1%          1    None
b - Stone Arrow           Conj/Erth      #####.       1%          3    ##.....
c - Lee's Rapid Deconstr  Erth           ######....   1%          5    #####..


Dungeon Overview and Level Annotations

Branches:
Dungeon (7/15)             Temple (1/1) D:5

Altars:
Ashenzari
Cheibriados
Dithmenos
Fedhas
Gozag
Kikubaaqudgha
Makhleb
Nemelex Xobeh
Okawaru
Qazlal
Sif Muna
Trog
Vehumet
Xom

Shops:
D:4 ?


Innate Abilities, Weirdness & Mutations

You are resistant to damage.
You can recharge devices by infusing magical energy.
You passively map the area around you.
You do not regenerate naturally.
You have a pair of small horns on your head.
Your mind is acute. (Int +2)
Your flesh is cold resistant.


Message History

Unknown command.
Unknown command.
Unknown command.
Unknown command.
Unknown command.
Unknown command.
Unknown command.
Unknown command.
Unknown command.
Unknown command.
Drink which item? (? for menu, Esc to quit)
You feel much better. The manticore bites you!
* * * LOW HITPOINT WARNING * * *
The manticore claws you but does no damage.
The manticore barely misses you.
Unknown command.
You hit the manticore.
There is a sudden explosion of sparks!
The manticore is almost dead.
The manticore bites you!!
You die...

##..####.......#.#.#........##...
#### #####.....#..........##...
#### #.....##.........##... ...#
######...#..........####...
##.####...##...#............##...
......#...###.###.#..#....#.####.
#####......######...##..###......
##.....# ##.H..##..# #####..
##>..## ##.@....#..#######..
#...####...................
##.###............######...
#..#..#..........# ###.. *
#####...##..........#####....
####......###.......##.#..##....
##..................###.....#....
#.....####.........## #.....#....
####### ##......### #.....#....


You could see a manticore.

Vanquished Creatures
  Grinder (D:6)
  Prince Ribbit (D:6)
  Sigmund (D:5)
  A human (D:7)
  An ice beast (D:5)
  Purgy (Sewer)
  An orc warrior (D:6)
  A black bear (D:7)
  A sky beast (D:4)
  2 phantoms
  4 ogres
  2 giant frogs
  A wyvern skeleton (D:6)
  A giant frog zombie (D:5)
  3 crimson imps
  2 hounds
  2 orc priests
  2 orc wizards
  3 iguanas
  7 worker ants
  A killer bee zombie (D:7)
  4 sheep
  6 gnolls
  7 adders
  A shadow imp (D:7)
  An ooze (D:5)
  An adder zombie (D:5)
  4 worms
  6 giant geckos
  20 orcs
  4 ball pythons
  8 giant cockroaches
  2 goblins (D:3)
  9 hobgoblins
  7 jackals
  7 kobolds
  4 quokkas
  7 bats
  4 giant newts
  A jackal skeleton (D:4)
  8 rats
150 creatures vanquished.

Notes
Turn   | Place    | Note
--------------------------------------------------------------
     0 | D:1      | pedritolo the Deep Dwarf Earth Elementalist began the quest for the Orb.
     0 | D:1      | Reached XP level 1. HP: 15/15 MP: 3/3
   293 | D:1      | Reached XP level 2. HP: 22/22 MP: 5/5
  1379 | D:2      | Found a blossoming altar of Fedhas.
  1420 | D:2      | Reached XP level 3. HP: 10/28 MP: 2/7
  1574 | D:2      | Learned a level 3 spell: Stone Arrow
  1875 | D:2      | Found a stormy altar of Qazlal.
  2321 | D:3      | Reached skill level 5 in Earth Magic
  2321 | D:3      | Reached XP level 4. HP: 12/36 MP: 6/8
  2731 | D:3      | Found a bloodstained altar of Trog.
  2989 | D:3      | Reached skill level 6 in Earth Magic
  3389 | D:4      | Found a sparkling altar of Nemelex Xobeh.
  3400 | D:4      | Found Aptir's Magic Scroll Emporium.
  3454 | D:4      | Bought a scroll of fear for 35 gold pieces
  3454 | D:4      | Bought a scroll of identify for 20 gold pieces
  3545 | D:4      | Reached XP level 5. HP: 30/42 MP: 0/10
  3992 | D:4      | Noticed an ogre
  4087 | D:4      | Killed an ogre
  4199 | D:4      | Reached XP level 6. HP: 15/49 MP: 8/12
  4343 | D:4      | Reached skill level 1 in Conjurations
  4397 | D:4      | Noticed an ogre
  4438 | D:4      | Killed an ogre
  4759 | D:4      | Found a deep blue altar of Sif Muna.
  4938 | D:5      | Entered Level 5 of the Dungeon
  5014 | D:5      | Noticed Sigmund
  5048 | D:4      | Gained mutation: You have a pair of small horns on your head. [mutagenic meat]
  5049 | D:4      | Gained mutation: Your flesh is cold resistant. [mutagenic meat]
  5050 | D:4      | Gained mutation: Your mind is acute. (Int +2) [mutagenic meat]
  5208 | D:5      | Found a staircase to the Ecumenical Temple.
  5213 | D:5      | Reached XP level 7. HP: 8/55 MP: 9/13
  5218 | Temple   | Entered the Ecumenical Temple
  5232 | Temple   | Became a worshipper of Makhleb the Destroyer
  5981 | D:5      | Reached skill level 5 in Spellcasting
  6241 | D:5      | Killed Sigmund
  6337 | D:5      | Learned a level 5 spell: Lee's Rapid Deconstruction
  6483 | D:6      | Reached XP level 8. HP: 21/62 MP: 10/17
  6598 | D:6      | Reached skill level 7 in Earth Magic
  6908 | D:6      | Reached * piety under Makhleb
  6937 | D:6      | Found a glowing drain.
  6997 | Sewer    | Entered a sewer
  7209 | Sewer    | Noticed Purgy
  7259 | Sewer    | Killed Purgy
  7259 | Sewer    | Reached skill level 8 in Earth Magic
  7648 | D:6      | Reached skill level 9 in Earth Magic
  8141 | D:6      | Noticed Grinder
  8214 | D:6      | Noticed Prince Ribbit
  8224 | D:6      | Killed Prince Ribbit
  8224 | D:6      | Reached skill level 10 in Earth Magic
  8446 | D:6      | Reached skill level 11 in Earth Magic
  8491 | D:6      | Killed Grinder
  8491 | D:6      | Gained mutation: You passively map the area around you. [Deep Dwarf growth]
  8491 | D:6      | Reached XP level 9. HP: 37/68 MP: 8/18
  8739 | D:7      | Reached ** piety under Makhleb
  8899 | D:6      | Reached skill level 12 in Earth Magic
  9725 | D:7      | Noticed a manticore
  9727 | D:7      | Reached skill level 13 in Earth Magic
  9742 | D:7      | HP: 2/68 [manticore (7)]
  9744 | D:7      | Mangled by a manticore

Action                   |  1- 3 |  4- 6 |  7- 9 || total
-------------------------+-------+-------+-------++-------
Melee: Dagger            |    56 |       |    12 ||    68
       Flail             |       |    12 |       ||    12
Throw: Tomahawk          |     3 |       |       ||     3
 Cast: Sandblast         |    47 |    52 |    15 ||   114
       Stone Arrow       |       |    32 |   101 ||   133
       Lee's Rapid Decon |       |       |    14 ||    14
Evoke: Wand              |       |     2 |     3 ||     5
  Use: Scroll            |       |     7 |     2 ||     9
       Potion            |       |       |     1 ||     1
 Stab: Sleeping          |     7 |       |       ||     7
  Eat: Chunk             |     5 |    12 |    14 ||    31
       Bread ration      |       |     1 |     1 ||     2
